 Dungeon Crawl Stone Soup version 0.26.1-2-gb8aa6d0cf2 (webtiles) character file.

Game seed: 6850788135167098802

28 Electrofox the Firebug (level 2, -5/20 HPs)
             Began as a Draconian Fire Elementalist on Mar 2, 2021.
             Slain by a gnoll
             ... wielding a +0 halberd
              (14 damage)
             ... on level 1 of the Dungeon.
             The game lasted 00:06:01 (1127 turns).

Electrofox the Firebug (DrFE)                       Turns: 1127, Time: 00:06:01

Health: -5/20      AC:  4    Str: 10    XL:     2   Next: 96%
Magic:  4/5        EV: 12    Int: 15    God:
Gold:   80         SH:  0    Dex: 11    Spells: 4/5 levels left

rFire    . . .     SeeInvis .   j - +0 short sword
rCold    . . .     Faith    .   (no shield)
rNeg     . . .     Spirit   .   (armour unavailable)
rPois    .         Reflect  .   (helmet restricted)
rElec    .         Harm     .   (no cloak)
rCorr    .         Rampage  .   (no gloves)
Will     .....                  (no boots)
Stlth    ++........             (no amulet)
HPRegen  0.06/turn              (no ring)
MPRegen  0.09/turn              (no ring)

@: no status effects
A: unfitting armour, cold-blooded, AC +4
a: no special abilities


You were on level 1 of the Dungeon.
You visited 1 branch of the dungeon, and saw 2 of its levels.

You collected 80 gold pieces.

Inventory:

Hand Weapons
 j - a +0 short sword (weapon)
 k - a +0 hunting sling
 l - a +3 mace
Missiles
 a - 5 boomerangs
 h - 7 atropa-tipped darts
Scrolls
 b - a scroll of enchant armour {unknown}
 d - a scroll of immolation {unknown}
 f - 2 scrolls of teleportation {unknown}
Potions
 c - a potion of lignification
 e - a potion of brilliance


   Skills:
 - Level 1.7 Dodging
 - Level 1.7 Stealth
 + Level 2.4 Spellcasting
 + Level 1.8 Conjurations
 + Level 3.4 Fire Magic


You had 4 spell levels left.
You knew the following spells:

 Your Spells              Type           Power        Failure   Level
a - Foxfire               Conj/Fire      36%          7%          1

Your spell library contained the following spells:

 Spells                   Type           Power        Failure   Level
 Conjure Flame            Conj/Fire      9%           22%         3
 Inner Flame              Hex/Fire       7%           30%         3
 Sticky Flame             Conj/Fire      9%           56%         4
 Fireball                 Conj/Fire      4%           89%         5


Dungeon Overview and Level Annotations

Branches:
Dungeon (2/15)

Altars:

Annotations:
D:1 exclusion: gnoll


Innate Abilities, Weirdness & Mutations

Your plain brown scales are hard. (AC +4)
You cannot fit into any form of body armour.
You are cold-blooded and may be slowed by cold attacks.


Message History

3 gnolls come into view.
A gnoll is wielding a +1 flail of protection.
Found 6 gold pieces.
Found a stone staircase leading up.
There is a stone staircase leading up here.
The helpless gnoll fails to defend itself.
You hit the gnoll.
The gnoll is moderately wounded.
The gnoll shouts!
The gnoll hits you with a +0 halberd!
Ouch! That really hurt!
The gnoll barely misses you.
You climb upwards.
Level annotation: exclusion: gnoll
There is a stone staircase leading down here.
Casting: Foxfire (safe; 7% risk of failure)
Confirm with . or Enter, or press ? or * to list all spells.
You conjure some foxfire!
The gnoll hits you with a +0 halberd!
Ouch! That really hurt!
You die...

⌠..###.#########.#
...###...........#
...'.#.###########
...#...#
⌠..#.#############
...#.............#
...#############.#
#### #g# .#.# #@#
.#.# #v# ##.# #.#
...# #.# ####
########.#
#........#
#.######## ### #.#
..# #.#


You could see a gnoll.

Vanquished Creatures
  An adder (D:2)
  A ball python (D:1)
  4 giant cockroaches (D:1)
  A goblin (D:1)
  3 hobgoblins (D:1)
  A bat (D:1)
  2 frilled lizards (D:1)
  2 kobolds (D:1)
  2 rats (D:1)
17 creatures vanquished.

Vanquished Creatures (others)
  19 foxfires
19 creatures vanquished.

Grand Total: 36 creatures vanquished

Notes
Turn   | Place    | Note
-------+----------+-------------------------------------------
     0 | D:1      | Electrofox the Draconian Fire Elementalist began the quest
                  | for the Orb.
     0 | D:1      | Reached XP level 1. HP: 14/14 MP: 3/3
   322 | D:1      | Reached XP level 2. HP: 20/20 MP: 5/5
  1127 | D:1      | Slain by a gnoll

Illustrated notes

Levels and vault maps discovered:
D:1:      mushboom_english_gardens, layout_loops_ring
D:2:      layout_basic, nicolae_overflow_crystal_walls, grunt_ministairs_9,
          kennysheep_generic_room_11

Action                   || total
-------------------------++-------
Melee: Unarmed           ||    81
       Tailslap          ||     6
       Short sword       ||     7
 Cast: Foxfire           ||    11
  Use: Scroll            ||     3
 Stab: Sleeping          ||     4
Armor: Skin              ||    36
Dodge: Dodged            ||    77
